 Dungeon Crawl Stone Soup version 0.28.0-53-g5a82cb258f (webtiles) character file.

Game seed: 8504348248029442897

40 spiderkeys the Ducker (level 3, -3/22 HPs)
             Began as a Deep Elf Abyssal Knight on June 10, 2022.
             Was a Believer of Lugonu.
             Slain by Sigmund
             ... wielding a +0 scythe
              (9 damage)
             ... on level 2 of the Dungeon.
             The game lasted 00:02:19 (2064 turns).

spiderkeys the Ducker (Deep Elf Abyssal Knight)     Turns: 2064, Time: 00:02:20

Health: -3/22      AC:  3    Str: 12    XL:     3   Next: 30%
Magic:  7/7        EV: 12    Int: 16    God:    Lugonu [**....]
Gold:   73         SH:  0    Dex: 15    Spells: 5/5 levels left

rFire   . . .      SeeInvis .   a - +1 short sword
rCold   . . .      Faith    .   (no shield)
rNeg    . . .      Spirit   .   b - +0 leather armour
rPois   .          Reflect  .   (no helmet)
rElec   .          Harm     .   (no cloak)
rCorr   .          Rampage  .   (no gloves)
Will    .....      Rage     1%  (no boots)
Stlth   +.........              (no amulet)
HPRegen 0.00/turn               (no ring)
MPRegen 0.10/turn               (no ring)

@: mighty, inhibited regen, invisible
A: berserk 1, inhibited regeneration, strong 1
a: Renounce Religion, Depart the Abyss, Bend Space


You were on level 2 of the Dungeon.
You worshipped Lugonu.
Lugonu was pleased with you.
You visited 1 branch of the dungeon, and saw 2 of its levels.
You visited the Abyss 1 time.

You collected 73 gold pieces.


Innate Abilities, Weirdness & Mutations

You tend to lose your temper in combat.
You do not regenerate when monsters are visible.
Your muscles are strong. (Str +2)


   Skills:
 + Level 2.7 Fighting
 - Level 2.0 Short Blades
 - Level 0.7 Armour
 + Level 3.1 Dodging
 + Level 1.8 Spellcasting
 + Level 2.6 Invocations


You had 5 spell levels left.
You didn't know any spells.
Your spell library contained the following spells:

 Spells                   Type           Power      Damage    Failure   Level
 Dazzling Flash           Conj/Hex       2%         N/A       63%         3
 Agony                    Necr           1%         N/A       100%        5
 Silence                  Hex/Air        0%         N/A       100%        5

Inventory:

Hand Weapons
 a - a +1 short sword (weapon)
Missiles
 e - 30 stones
Armour
 b - a +0 leather armour (worn)
Scrolls
 d - a scroll of teleportation {@r4}

Dungeon Overview and Level Annotations

Branches:
Dungeon (2/15)

Altars:

Annotations:
D:2 Sigmund

################# #.
#.....{@........# #.#
#.###.##.######.# #.#
#.# #.##.# #.# #.#
#.# #.# .##.# #.# #.#
#.# #.# #.##.## #.#
#.###.####.# #.##...#
#.#
...........###.####.#
#.# ...............#
#.# #.#
#.....#######..# #.#
#.#


There were no monsters in sight!


Message History

You now have 73 gold pieces (gained 12).
Key pressed, stopping explore.
A frilled lizard comes into view.
A frilled lizard is nearby!
A kobold comes into view. It is wielding a +0 dagger.
The frilled lizard hisses angrily.
The kobold shouts!
You hit the frilled lizard.
You kill the frilled lizard!
Lugonu accepts your kill.
An endoplasm comes into view.
You see here a frilled lizard corpse.
The kobold hits you but does no damage.
You hit the kobold.
You kill the kobold!
Lugonu accepts your kill.
The endoplasm hits you but does no damage.
Things that are here:
a +0 dagger; 4 stones; a kobold corpse You hit the endoplasm but do no damage.
The endoplasm hits you but does no damage.
An endoplasm is nearby!
You barely miss the endoplasm. The endoplasm closely misses you.
You hit the endoplasm.
You kill the endoplasm!
Lugonu accepts your kill.
No target in view!
No target in view!
No target in view!
e - 4 stones
Things that are here:
a +0 dagger; a kobold corpse You see here a frilled lizard corpse.
e - 30 stones (gained 26) Key pressed, stopping explore.
There is a shaft here.
An endoplasm comes into view.
An endoplasm is nearby!
An endoplasm is nearby!
The helpless endoplasm fails to defend itself.
You hit the endoplasm. The endoplasm freezes you.
You are frozen. 😕 HP[-3]
You take 3 damage, and now have 19/22 hp.
You hit the endoplasm. The endoplasm freezes you.
You are frozen. 😮 HP[-4]
You take 4 damage, and now have 15/22 hp.
You are too injured to fight recklessly!
You are too injured to fight recklessly!
You are too injured to fight recklessly!
You are too injured to fight recklessly!
You hit the endoplasm but do no damage. The endoplasm freezes you.
You are frozen. 😮 HP[-1]
You take 1 damage, and now have 14/22 hp.
You hit the endoplasm.
You kill the endoplasm!
Lugonu accepts your kill. 😮 HP[+1] Key pressed, stopping explore.
Sigmund the Dreaded comes into view.
He is wielding a +0 scythe and wearing a +2 robe of resistance.
Sigmund shouts!
Sigmund casts a spell at you. The magic dart hits you! 😮 HP[-3]
You take 3 damage, and now have 12/22 hp.
Okay, then.
Okay, then.
It was a potion of might.
You feel very mighty all of a sudden. Sigmund gestures at you while chanting.
The puff of flame misses you. 😮 HP[+1] It was a potion of invisibility.
You fade into invisibility!
It was a potion of mutation.
You feel extremely strange.
You feel stronger.
Your regeneration stops near monsters.
You feel a little pissed off.
Sigmund casts a spell at something.
The puff of flame misses you. Sigmund closely misses you.
You barely miss Sigmund. You puncture Sigmund! Sigmund closely misses you.
You closely miss Sigmund. Sigmund hits you with a +0 scythe!
* * * LOW HITPOINT WARNING * * *
😨 HP[-7]
You take 7 damage, and now have 6/22 hp.
MASSIVE DAMAGE!! (PAUSE)
You closely miss Sigmund. You puncture Sigmund!
Sigmund mumbles some strange words.
Sigmund flickers and vanishes!
Deactivating autopickup; reactivate with Ctrl-A.
You barely miss something. You punch something. Something barely misses you.
You hit something. Something hits you!
You die...

Skill      XL: |  1  2 |
---------------+-------+-----
Spellcasting   | 1 |  1.8
Dodging        | 3 |  3.1
Fighting       | |  2.7
Short Blades   | |  2.0
Armour         | |  0.7
Invocations    | |  2.6

Action                   || total
-------------------------++-------
Melee: Short sword       ||    91
       Punch             ||     2
  Use: Scroll            ||     3
       Potion            ||     3
 Stab: Sleeping          ||     1
Armor: Leather armour    ||    13
Dodge: Dodged            ||    42

Levels and vault maps discovered:
D:1:      lemuel_arrival_river_ford, layout_rooms
D:2:      layout_loops_ring, basic_altar, minmay_misc_feat_chi,
          uniq_crazy_yiuf_cottage, uniq_natasha, uniq_sigmund

Notes
Turn   | Place    | Note
-------+----------+-------------------------------------------
     0 | Abyss:1  | spiderkeys the Deep Elf Abyssal Knight began the quest for
                  | the Orb.
     0 | Abyss:1  | Reached XP level 1. HP: 13/13 MP: 4/4
     0 | Abyss:1  | magus.rc [v1.11.3]
   101 | Abyss:1  | Found a corrupted altar of Lugonu.
   178 | D:1      | You pass through the gate.
   178 | D:1      | Escaped the Abyss
   465 | D:1      | Reached skill level 1 in Spellcasting
   465 | D:1      | Reached XP level 2. HP: 6/18 MP: 5/5
  1179 | D:1      | Reached ** piety under Lugonu
  1688 | D:2      | You pick up a book of the Senses and begin reading...
  1688 | D:2      | You add the spells Dazzling Flash, Agony and Silence to
                  | your library.
  1783 | D:2      | Reached skill level 3 in Dodging
  1783 | D:2      | Reached XP level 3. HP: 18/22 MP: 7/7
  2051 | D:2      | Noticed Sigmund
  2054 | D:2      | Gained mutation: Your muscles are strong. (Str +2) [potion
                  | of mutation]
  2054 | D:2      | Gained mutation: You do not regenerate when monsters are
                  | visible. [potion of mutation]
  2054 | D:2      | Gained mutation: You tend to lose your temper in combat.
                  | [potion of mutation]
  2064 | D:2      | Slain by Sigmund

Vanquished Creatures
  An adder (D:2)
  3 dart slugs
  2 ball pythons (D:1)
  A bat (D:2)
  5 endoplasms
  2 giant cockroaches (D:1)
  A hobgoblin (D:1)
  A quokka (D:1)
  3 frilled lizards
  A goblin (D:1)
  3 kobolds
  A rat (D:2)
24 creatures vanquished.

Table legend:
 A = Non-vault XP
 B = Vault XP
 C = Vault XP percentage of total XP
 D = Non-vault monster count
 E = Vault monster count
 F = Vault count percentage of total count
                 A         B        C        D         E       F
            +---------+---------+-------+---------+---------+-------
      Total |      58 |       0 |   0.0 |      24 |       0 |   0.0
            +---------+---------+-------+---------+---------+-------
        D:1 |      30 |       0 |   0.0 |      15 |       0 |   0.0
        D:2 |      28 |       0 |   0.0 |       9 |       0 |   0.0
            +---------+---------+-------+---------+---------+-------

Illustrated notes

Table legend:
 A = Kills in this place as a percentage of kills in entire the game.
 B = Kills by you in this place as a percentage of kills by you in the entire game.
 C = Kills by friends in this place as a percentage of kills by friends in the entire game.
 D = Other kills in this place as a percentage of other kills in the entire game.
 E = Experience gained in this place as a percentage of experience gained in the entire game.
 F = Experience gained in this place divided by the number of levels of this place that you have seen.
                   A       B       C       D       E      F
               +-------+-------+-------+-------+-------+----------------------
         Total | 100.0 | 100.0 |   N/A |   N/A | 100.0 |  19.3
       Dungeon | 100.0 | 100.0 |   N/A |   N/A | 100.0 |  29.0
               +-------+-------+-------+-------+-------+----------------------

Table legend: (Time is in decaauts)
 A = Elapsed time spent in this place.
 B = Non-inter-level travel time spent in this place.
 C = Inter-level travel time spent in this place.
 D = Time resting spent in this place.
 E = Time spent auto-exploring this place.
 F = Levels seen in this place.
 G = Mean time per level.
                   A        B        C        D        E       F      G
               +--------+--------+--------+--------+--------+-----+--------+
         Total |   2070 |   1963 |    107 |    194 |   1481 |   3 |  690.0 |
       Dungeon |   1892 |   1785 |    107 |    194 |   1397 |   2 |  946.0 |
         Abyss |    178 |    178 |      0 |      0 |     84 |   1 |  178.0 |
               +--------+--------+--------+--------+--------+-----+--------+

Top non-repeatable levels by time:
     D:1: 1288 daAuts
     D:2: 603 daAuts
 Abyss:1: 178 daAuts
